 Dungeon Sprint DCSS version 0.22.1-1-ga44c0e56f4 (webtiles) character file.

667 KleinerIrrer the Black Belt (level 7, -1/43 HPs)
             Began as an Octopode Transmuter on Nov 3, 2018.
             Slain by a human
             ... wielding a +0 short sword
              (20 damage)
             ... in the Dungeon (Sprint III: "The Ten Rune Challenge").
             The game lasted 00:02:39 (1126 turns).

KleinerIrrer the Black Belt (Octopode Transmuter)   Turns: 1126, Time: 00:02:40

Health: -1/43      AC:  3    Str: 10    XL:     7   Next: 57%
Magic:  10/10      EV: 13    Int: 15    God:
Gold:   33         SH:  0    Dex: 14    Spells: 9/10 levels left

rFire    . . .     SeeInvis .     - Unarmed
rCold    + . .     Gourm    .   (no shield)
rNeg     . . .     Faith    .   (helmet restricted)
rPois    .         Spirit   .   (no amulet)
rElec    .         Reflect  .   (no ring)
rCorr    .         Harm     .   (no ring)
MR       .....     NoTele   +   (no ring)
Stlth    ++........             (no ring)
HPRegen  0.14/turn              (no ring)
MPRegen  0.12/turn              (no ring)
                                (no ring)
                                (no ring)

@: no status effects
A: almost no armour, stealthy swim, amphibious, 8 rings, constrict 8, iridescent
scales 1, camouflage 1, blurry vision 1, cold resistance 1, gelatinous body 1
a: no special abilities


You were in the Dungeon.
You were not hungry.

You visited 1 branch You collected 33 gold pieces.

Inventory:

Missiles
 a - 12 arrows
Scrolls
 b - a scroll of immolation {unknown}
 i - a scroll of blinking
 j - 3 scrolls of identify
 k - 3 scrolls of remove curse
 m - a scroll of torment {unknown}
Potions
 d - 2 potions of curing
 f - a potion of haste
 g - 2 potions of magic
 h - a potion of berserk rage
 l - 3 potions of flight
 n - 4 potions of mutation
Comestibles
 c - 4 rations


   Skills:
 - Level 1.0 Fighting
 - Level 2.0 Dodging
 + Level 15.1 Unarmed Combat
 - Level 2.0 Spellcasting
 * Level 3.2 Transmutations


You had 9 spell levels left.
You knew the following spells:

 Your Spells              Type           Power        Failure   Level  Hunger
a - Beastly Appendage     Tmut           ##....       6%          1    #......

Your spell library contained the following spells:

 Spells                   Type           Power        Failure   Level  Hunger
 Sticks to Snakes         Tmut           ##......     9%          2    ###....
 Confusing Touch          Hex            #.....       22%         1    #......
 Spider Form              Tmut/Pois      #.........   34%         3    ###....
 Confuse                  Hex            #.......     54%         3    ###....
 Gell's Gravitas          Tloc           #.........   54%         3    ###....
 Ice Form                 Ice/Tmut       #.......     75%         4    #####..
 Petrify                  Tmut/Erth      #.......     75%         4    #####..
 Blade Hands              Tmut           ##........   86%         5    ######.
 Yara's Violent Unravell  Hex/Tmut       #.........   97%         5    ######.
 Metabolic Englaciation   Hex/Ice        #.........   99%         5    ######.


Dungeon Overview and Level Annotations

Branches:
Dungeon (1/1)

Altars:
Elyvilon
Kikubaaqudgha
Okawaru
Sif Muna
Trog
Uskayaw
Vehumet
Wu Jian
Zin
The Shining One
Beogh


Innate Abilities, Weirdness & Mutations

You cannot wear most types of armour.
You are very stealthy in the water. (Stealth+)
You are amphibious.
You can wear up to eight rings at the same time.
You can use your tentacles to constrict eight enemies at once.
Your skin changes colour to match your surroundings (Stealth+).
Your rubbery body absorbs attacks. (AC +1, EV +1)
You are partially covered in iridescent scales. (AC +2)
Scrolls take you a little longer to read.
Your flesh is cold resistant. (rC+)


Message History

The human seems to grow stronger.
You bludgeon the human!
You kill the human!
Your Unarmed Combat skill increases to level 15!
Your Transmutations skill increases to level 3!
The human hits you with a short sword.
You closely miss the human. You grab the human. You tentacle-slap the human.
You squeeze the human!
The human is lightly wounded.
You constrict the human, but do no damage.
The human hits you with a short sword!
You bludgeon the human!
The human is heavily wounded.
You constrict the human. The human hits you with a short sword.
You tentacle-slap the human but do no damage.
You squeeze the human.
The human is heavily wounded.
You constrict the human, but do no damage.
The human hits you with a short sword! The human hits you with a short sword!!
You die...

▓▓ ▓▓▓ .####
##.#########
....#####..#___#___#
.....#..#..#)..#p_.#
##...#..#..###'#@###+##
###..##'#..#..........#
.##..###...'.⌠........#
##..####...#...######+#
##..###....#.⌠.#
#...##.....#...#
....#......#'###
..##.#.....#)).# ..
####....#___#


You could see a human (berserk).

Vanquished Creatures
  A deep elf mage (D)
  A water elemental (D)
  A wizard (D)
  2 humans (D)
  A kobold demonologist (D)
  An ooze (D)
  A phantom (D)
  3 rats (D)
11 creatures vanquished.

Vanquished Creatures (others)
  2 draconian scorchers (D)
  6 hellions (D)
  2 yaktaurs (D)
10 creatures vanquished.

Grand Total: 21 creatures vanquished

Notes
Turn   | Place    | Note
-------+----------+-------------------------------------------
     0 | D        | KleinerIrrer the Octopode Transmuter began the quest for
                  | the Orb.
     0 | D        | Reached XP level 1. HP: 13/13 MP: 3/3
    17 | D        | Reached skill level 4 in Unarmed Combat
   126 | D        | Killed a yaktaur
   142 | D        | Killed a hellion
   143 | D        | Killed a hellion
   146 | D        | Killed a white draconian scorcher
   179 | D        | Killed a hellion
   179 | D        | Killed a hellion
   180 | D        | Killed a hellion
   190 | D        | Killed a hellion
   207 | D        | Killed a white draconian scorcher
   221 | D        | Reached XP level 2. HP: 18/18 MP: 5/5
   243 | D        | Reached skill level 6 in Unarmed Combat
   243 | D        | Reached XP level 3. HP: 10/23 MP: 6/6
   461 | D        | Killed a yaktaur
   778 | D        | Gained mutation: Scrolls take you a little longer to read.
                  | [potion of mutation]
   778 | D        | Gained mutation: Your system is resistant to poisons.
                  | (rPois) [potion of mutation]
   779 | D        | Lost mutation: Your system is resistant to poisons. (rPois)
                  | [potion of mutation]
   779 | D        | Lost mutation: Scrolls take you a little longer to read.
                  | [potion of mutation]
   779 | D        | Gained mutation: Scrolls take you a little longer to read.
                  | [potion of mutation]
   779 | D        | Gained mutation: Your flesh is cold resistant. (rC+)
                  | [potion of mutation]
   779 | D        | Gained mutation: You are partially covered in iridescent
                  | scales. (AC +2) [potion of mutation]
   785 | D        | Noticed a water elemental
   795 | D        | Killed a water elemental
   795 | D        | Reached skill level 8 in Unarmed Combat
   795 | D        | Reached XP level 4. HP: 14/28 MP: 7/7
   944 | D        | Found a radiant altar of Vehumet.
   945 | D        | Found a deep blue altar of Sif Muna.
   945 | D        | Found an ancient bone altar of Kikubaaqudgha.
   945 | D        | Noticed a wizard
   950 | D        | Noticed a hellwing
   953 | D        | Killed a wizard
   953 | D        | Reached skill level 9 in Unarmed Combat
   956 | D        | Reached skill level 10 in Unarmed Combat
   956 | D        | Reached XP level 5. HP: 17/33 MP: 8/8
  1087 | D        | Found a glowing silver altar of Zin.
  1088 | D        | Found a glowing golden altar of the Shining One.
  1088 | D        | Found a white marble altar of Elyvilon.
  1088 | D        | Noticed a deep elf mage
  1094 | D        | Noticed an ice beast
  1094 | D        | Killed a deep elf mage
  1094 | D        | Reached skill level 14 in Unarmed Combat
  1094 | D        | Reached XP level 6. HP: 35/38 MP: 7/9
  1094 | D        | Reached XP level 7. HP: 40/43 MP: 7/10
  1117 | D        | Found a hide-covered altar of Uskayaw.
  1117 | D        | Found an iron altar of Okawaru.
  1118 | D        | Found a roughly hewn altar of Beogh.
  1118 | D        | Found a bloodstained altar of Trog.
  1118 | D        | Found an ornate altar of the Wu Jian Council.
  1118 | D        | Noticed a human
  1118 | D        | Noticed a human
  1123 | D        | Killed a human
  1123 | D        | Reached skill level 15 in Unarmed Combat
  1126 | D        | Slain by a human

Skill      XL: |  1  2  3  4  5  6  7 |
---------------+----------------------+-----
Unarmed Combat | 4 6 8 10 14 15 | 15.1
Transmutations | 3 |  3.2
Fighting       | |  1.0
Dodging        | |  2.0
Spellcasting   | |  2.0

Action                   |  1- 3 |  4- 6 |  7- 9 || total
-------------------------+-------+-------+-------++-------
Melee: Unarmed           |    36 |    15 |     8 ||    59
       Tentacles         |     4 |     2 |     4 ||    10
       Constrict         |     2 |     3 |     2 ||     7
       Punch             |     1 |       |     3 ||     4
       Kick              |     2 |     2 |       ||     4
 Cast: Beastly Appendage |     2 |     1 |       ||     3
  Use: Potion            |     2 |     1 |       ||     3
 Stab: Sleeping          |     3 |       |       ||     3
  Eat: Chunk             |       |       |     1 ||     1
Armor: Skin              |       |     3 |       ||     3
Dodge: Dodged            |    16 |     8 |     3 ||    27
